 Dungeon Crawl Stone Soup version 0.31-a0-233-g139696dc86 (webtiles) character file.

Game seed: 7697355872812683965

49 Gargoyl the Trooper (level 3, -2/24 HPs)
             Began as a Gargoyle Berserker on July 9, 2023.
             Was a Believer of Trog.
             Slain by a worm (3 damage)
             ... on level 2 of the Dungeon.
             The game lasted 00:01:17 (763 turns).

Gargoyl the Trooper (Gargoyle Berserker)             Turns: 763, Time: 00:01:17

Health: -2/24      AC:  5    Str: 20    XL:     3   Next: 75%
Magic:  3/3        EV: 12    Int:  7    God:    Trog [**....]
Gold:   27         SH:  0    Dex: 11    Spells: 2/2 levels left

rFire   . . .        a - +0 hand axe
rCold   . . .        (no shield)
rNeg    + . .        b - +0 animal skin
rPois   ∞            (no helmet)
rElec   +            (no cloak)
rCorr   .            (no gloves)
SInv    .            (no boots)
Will    .....        (no amulet)
Stlth   +            (no ring)
HPRegen 0.24/turn    (no ring)
MPRegen 0.08/turn

%: no passive effects
@: brilliant, on berserk cooldown, slowed, very slow
A: sickness immunity, AC +3, negative energy resistance 1, electricity
resistance, torment resistance 1, petrification resistance
a: Renounce Religion, Berserk, Trog's Hand


You were on level 2 of the Dungeon.
You worshipped Trog.
Trog was pleased with you.
You visited 1 branch of the dungeon, and saw 2 of its levels.

You collected 27 gold pieces.

Inventory:

Hand Weapons
 a - a +0 hand axe (weapon)
Missiles
 g - a throwing net
Armour
 b - a +0 animal skin (worn)
Scrolls
 d - 4 scrolls of identify {unknown}
 f - a scroll of teleportation {unknown}
Potions
 c - a potion of brilliance
 e - a potion of enlightenment {unknown}


   Skills:
 + Level 3.8 Fighting
 + Level 3.5 Axes
 + Level 2.4 Armour
 + Level 1.9 Dodging


You had 2 spell levels left.
You didn't know any spells.
Your spell library was empty.

Dungeon Overview and Level Annotations

Branches:
Dungeon (2/15)

Altars:


Innate Abilities, Weirdness & Mutations

You are immune to sickness and miasma.
Your stone body is resilient. (AC +3)
You are immune to poison.
You resist negative energy. (rN+)
You are resistant to electric shocks. (rElec)
You are resistant to unholy torment.
You are immune to petrification.


Message History

The jackal bites you but does no damage.
Unknown command.
You hit the jackal.
The jackal is heavily wounded.
You hit the worm. You hit the jackal but do no damage. The jackal bites you.
The jackal misses you.
The jackal bites you but does no damage. x2
The jackal barely misses you. The worm barely misses you.
Unknown command.
You barely miss the jackal.
The jackal is heavily wounded.
You hit the worm but do no damage. You completely miss the worm.
You hit the jackal.
The jackal bites you but does no damage.
The jackal barely misses you.
The jackal bites you but does no damage. x2
The worm misses you. The worm bites you. The jackal barely misses you.
You hit the jackal but do no damage.
The jackal is heavily wounded.
You barely miss the worm. x2; You hit the jackal.
The jackal bites you but does no damage.
The jackal barely misses you. The jackal bites you. The worm barely misses you.
The jackal closely misses you. The worm closely misses you.
The jackal bites you but does no damage.
You barely miss the jackal.
The jackal is heavily wounded.
You hit the worm. x2; You closely miss the jackal.
The jackal barely misses you.
The jackal closely misses you. x2; The jackal bites you.
The worm bites you.
* * * LOW HITPOINT WARNING * * *
The worm barely misses you.
It was a potion of brilliance.
You feel clever all of a sudden. The jackal bites you.
* * * LOW HITPOINT WARNING * * *
The jackal bites you.
* * * LOW HITPOINT WARNING * * *
The jackal barely misses you. The jackal misses you. The worm bites you.
* * * LOW HITPOINT WARNING * * *
The worm bites you.
You die...

........ .
........ .!
........ .
..#####
........ ..
.....##........
...
#............
....
#...w#w......
<....
#...h@#...^.
......#..))h.#
.......<.....#
....#..#.###..#
.? ##...# ..#
###.# ..# #.#
... ... .###
...


You could see 2 worms and 2 jackals.

Vanquished Creatures
  An adder (D:2)
  A ball python (D:1)
  5 endoplasms (D:1)
  A giant cockroach (D:1)
  5 goblins
  4 hobgoblins
  3 jackals (D:2)
  4 quokkas
  2 bats (D:1)
  3 frilled lizards (D:1)
  A kobold (D:1)
  5 rats (D:1)
35 creatures vanquished.

Notes
Turn   | Place    | Note
-------+----------+-------------------------------------------
     0 | D:1      | Gargoyl the Gargoyle Berserker began the quest for the Orb.
     0 | D:1      | Reached XP level 1. HP: 14/14 MP: 1/1
    68 | D:1      | Reached XP level 2. HP: 16/19 MP: 2/2
   401 | D:1      | Reached XP level 3. HP: 24/24 MP: 3/3
   483 | D:1      | Reached ** piety under Trog
   763 | D:2      | HP: 1/24 [worm (2)]
   763 | D:2      | Slain by a worm

Illustrated notes

Levels and vault maps discovered:
D:1:      tekkud_arrival_beachfront_property, layout_loops_ring
D:2:      layout_rooms

Skill      XL: |  1  2 |
---------------+-------+-----
Axes           | 3 |  3.5
Fighting       | |  3.8
Armour         | |  2.4
Dodging        | |  1.9

Action                     || total
---------------------------++-------
  Melee: Hand axe          ||    96
 Invoke: Berserk           ||     1
    Use: Potion            ||     1
 Armour: Animal skin       ||    68
  Dodge: Dodged            ||    99

Table legend: (Time is in decaauts)
 A = Elapsed time spent in this place.
 B = Non-inter-level travel time spent in this place.
 C = Inter-level travel time spent in this place.
 D = Time resting spent in this place.
 E = Time spent auto-exploring this place.
 F = Levels seen in this place.
 G = Mean time per level.
                   A        B        C        D        E       F      G
               +--------+--------+--------+--------+--------+-----+--------+
         Total |    781 |    750 |     31 |      0 |    487 |   2 |  390.5 |
       Dungeon |    781 |    750 |     31 |      0 |    487 |   2 |  390.5 |
               +--------+--------+--------+--------+--------+-----+--------+

Top non-repeatable levels by time:
     D:1: 746 daAuts
     D:2: 35 daAuts
